 Dungeon Crawl Stone Soup version 0.27.1-34-g3ba077fa99 (webtiles) character file.

Game seed: 13070209179156998692

49 mtoz the Firebug (level 3, -1/19 HPs)
             Began as a Deep Elf Fire Elementalist on Jan 3, 2022.
             Slain by Terence (6 damage)
             ... on level 2 of the Dungeon.
             The game lasted 00:08:27 (1314 turns).

mtoz the Firebug (Deep Elf Fire Elementalist)       Turns: 1314, Time: 00:08:27

Health: -1/19      AC:  3    Str:  5    XL:     3   Next: 51%
Magic:  0/10       EV: 13    Int: 20    God:
Gold:   54         SH:  0    Dex: 15    Spells: 8/9 levels left

rFire    . . .     SeeInvis .   (no weapon)
rCold    . . .     Faith    .   (no shield)
rNeg     . . .     Spirit   .   a - +0 robe
rPois    .         Reflect  .   d - +0 helmet
rElec    .         Harm     .   (no cloak)
rCorr    .         Rampage  .   (no gloves)
Will     .....                  (no boots)
Stlth    ++........             (no amulet)
HPRegen  0.06/turn              (no ring)
MPRegen  0.12/turn              (no ring)

@: no status effects
A: no striking features
a: no special abilities


You were on level 2 of the Dungeon.
You visited 1 branch of the dungeon, and saw 2 of its levels.

You collected 54 gold pieces.

Inventory:

Missiles
 f - 26 bolts
 g - 31 arrows
Armour
 a - a +0 robe (worn)
 b - a scarf of resistance
 d - a +0 helmet (worn)
Scrolls
 c - a scroll of vulnerability
 e - a scroll of noise
 h - 2 scrolls of teleportation {unknown}


   Skills:
 + Level 3.0 Dodging
 + Level 3.1 Stealth
 + Level 3.5 Spellcasting
 + Level 2.0 Conjurations
 + Level 3.7 Fire Magic


You had 8 spell levels left.
You knew the following spells:

 Your Spells              Type           Power      Damage    Failure   Level
a - Foxfire               Conj/Fire      60%        2x1d7     4%          1

Your spell library contained the following spells:

 Spells                   Type           Power      Damage    Failure   Level
 Conjure Flame            Conj/Fire      15%        6-21      12%         3
 Inner Flame              Hex/Fire       11%        N/A       19%         3
 Sticky Flame             Conj/Fire      15%        2d4       38%         4
 Fireball                 Conj/Fire      7%         3d5       75%         5


Dungeon Overview and Level Annotations

Branches:
Dungeon (2/15)

Altars:

Annotations:
D:2 Terence


Message History

Terence is lightly wounded.
Your magical contamination has completely faded away.
Casting: Foxfire (safe; 4% risk of failure)
Confirm with . or Enter, or press ? or * to list all spells.
You conjure some foxfire!
The foxfire hits Terence but does no damage.
Terence is lightly wounded.
Terence barely misses you.
Your foxfire dissipates!
The foxfire hits Terence but does no damage.
Terence is lightly wounded.
Casting: Foxfire (safe; 4% risk of failure)
Confirm with . or Enter, or press ? or * to list all spells.
You conjure some foxfire!
Terence barely misses you.
Casting: Foxfire (safe; 4% risk of failure)
Confirm with . or Enter, or press ? or * to list all spells.
You conjure some foxfire!
Terence hits you from afar with a +0 vorpal trident.
Casting: Foxfire (safe; 4% risk of failure)
Confirm with . or Enter, or press ? or * to list all spells.
You conjure some foxfire!
The foxfire hits Terence but does no damage.
Terence is lightly wounded.
The foxfire hits Terence.
Terence is lightly wounded.
The foxfire hits Terence but does no damage.
Terence is lightly wounded.
Terence misses you.
The foxfire hits Terence.
Terence is moderately wounded.
Casting: Foxfire (safe; 4% risk of failure)
Confirm with . or Enter, or press ? or * to list all spells.
You conjure some foxfire!
Terence hits you from afar with a +0 vorpal trident!
* * * LOW HITPOINT WARNING * * *
Casting: Foxfire (safe; 4% risk of failure)
Confirm with . or Enter, or press ? or * to list all spells.
You conjure some foxfire!
The foxfire hits Terence.
Terence is heavily wounded.
Terence hits you from afar with a +0 vorpal trident.
You die...

#.........#.##.#
#...........##.#
#|..........##.######
###.)..###.>##....... #
#....# #.......# ###....#
#.......#
##.....###>....).#
...............vv#
##.....#####...v@###
##.#.########.vv..#
###............###@######
......########.# #......#
.###### #.###.####.# .#
#.....# .# .# ###.### .#
.# #.# .# .# #.# .#


You could see Terence (ally target).

Vanquished Creatures
  2 adders (D:2)
  A worm (D:2)
  2 endoplasms
  3 giant cockroaches (D:1)
  3 goblins
  5 hobgoblins
  3 jackals (D:1)
  A bat (D:2)
  A frilled lizard (D:1)
  2 kobolds (D:2)
  3 rats
26 creatures vanquished.

Vanquished Creatures (others)
  112 foxfires
112 creatures vanquished.

Grand Total: 138 creatures vanquished

Notes
Turn   | Place    | Note
-------+----------+-------------------------------------------
     0 | D:1      | mtoz the Deep Elf Fire Elementalist began the quest for the
                  | Orb.
     0 | D:1      | Reached XP level 1. HP: 10/10 MP: 6/6
   193 | D:1      | Reached XP level 2. HP: 15/15 MP: 4/8
   687 | D:2      | Reached XP level 3. HP: 19/19 MP: 5/9
  1296 | D:2      | Noticed Terence
  1314 | D:2      | Slain by Terence

Illustrated notes

Levels and vault maps discovered:
D:1:      psy_arrival_terrarium, layout_rooms, kennysheep_doodads, moated_statue
D:2:      layout_loops_ring, uniq_terence

Skill      XL: |  1  2  3 |
---------------+----------+-----
Stealth        | 3 |  3.1
Dodging        | 3 |  3.0
Conjurations   | 2 |  2.0
Spellcasting   | |  3.5
Fire Magic     | |  3.7

Action                   || total
-------------------------++-------
 Cast: Foxfire           ||    78
  Use: Scroll            ||     2
Armor: Robe              ||     3
Dodge: Dodged            ||    12
